Map: Apotheosis LE

Players

Terrence - Winner!

  • Race: Zerg Zerg
  • League: Platinum

Nickos

  • Race: Terran Terran
  • League: Gold

VOD

Have the link to the VOD?

Description

Time

  • Played on: Sept. 23, 2016, 12:45 a.m.
  • Length: 14:54
Show
View Real Time Build Order
Export as new Build Order

Terrence Zerg - Winner!

Build Orders: Pool First, Muta Ling Bane 

Get SALT Encoding   

  12  0:01  Drone  
  13  0:09  Drone  
  14  0:18  Drone, Extractor  
  15  0:30  Spawning Pool  
  15  0:34  Extractor  
  13  0:36  Drone  
  15  0:42  Extractor  
  15  0:44  Overlord  
  14  0:56  Extractor  
  14  0:57  Drone  
  15  1:18  Queen, Zergling x6  
  20  1:29  Overlord  
  20  1:42  Zergling x2  
  20  1:44  Metabolic Boost  
  21  1:53  Zergling x2  
  22  2:08  Zergling x2  
  23  2:20  Zergling x2, Hatchery  
  23  2:26  Baneling Nest  
  22  2:30  Zergling x4  
  22  2:35  Zergling x2  
  24  2:40  Zergling x2  
  25  2:50  Zergling x4  
  27  3:00  Overlord  
  27  3:08  Zergling x2  
  25  3:26  Zergling x6  
  26  3:35  Zergling x2  
  26  3:36  Zergling x4  
  29  3:43  Baneling x3  
  29  3:44  Baneling  
  29  3:46  Baneling  
  29  3:52  Zergling x2  
  30  3:56  Zergling x2  
  31  4:09  Zergling x6  
  30  4:20  Zergling x2  
  30  4:31  Zergling x2  
  23  4:41  Zergling x2  
  21  4:53  Drone  
  21  4:54  Queen  
  24  5:01  Drone  
  24  5:06  Drone x3  
  28  5:16  Drone  
  29  5:23  Drone  
  30  5:32  Overlord  
  30  5:35  Drone x2  
  32  5:39  Drone  
  33  5:49  Drone x2  
  36  5:50  Drone x2  
  37  6:02  Drone x3  
  40  6:07  Drone x2  
  40  6:08  Extractor  
  40  6:09  Extractor  
  40  6:10  Drone  
  41  6:12  Lair, Extractor  
  40  6:26  Drone x3  
  40  6:32  Overlord  
  43  6:43  Spine Crawler  
  43  6:45  Spine Crawler  
  43  6:46  Drone x2  
  43  6:48  Drone x2  
  43  6:52  Drone x3  
  48  6:59  Drone  
  49  7:10  Spire  
  49  7:13  Drone x3  
  51  7:28  Hatchery  
  50  7:33  Drone  
  51  7:38  Zergling x4  
  51  7:39  Overlord  
  51  7:40  Overlord  
  53  8:09  Centrifical Hooks  
  53  8:25  Zerg Flyer Weapons Level 1, Mutalisk  
  53  8:26  Mutalisk x8  
  71  8:36  Drone x3  
  71  8:37  Mutalisk  
  76  8:44  Overlord  
  76  8:46  Extractor  
  76  8:47  Pneumatized Carapace  
  76  8:48  Extractor  
  74  8:55  Evolution Chamber  
  73  8:56  Evolution Chamber  
  72  9:05  Burrow  
  72  9:07  Drone x4  
  76  9:10  Drone x2  
  78  9:22  Zerg Melee Weapons Level 1, Zerg Ground Armor Level 1  
  78  9:43  Drone x3  
  81  9:51  Mutalisk  
  81  9:52  Mutalisk x3  
  87  9:56  Spore Crawler  
  88  10:00  Spore Crawler, Drone, Hatchery  
  88  10:01  Drone x3  
  88  10:03  Spore Crawler  
  88  10:06  Spine Crawler  
  88  10:11  Mutalisk  
  90  10:14  Overlord x3  
  90  10:21  Zerg Flyer Weapons Level 2  
  90  10:41  Queen  
  92  10:44  Drone x3, Hatchery  
  92  10:47  Drone x3  
  97  10:56  Zergling x2  
  97  10:57  Zergling x6  
  100  11:03  Zergling x6  
  104  11:15  Zergling x8  
  104  11:16  Zergling x2  
  109  11:22  Baneling  
  109  11:23  Baneling  
  109  11:24  Zergling x6  
  112  11:27  Baneling x6  
  112  11:33  Baneling  
  112  11:34  Baneling x3  
  112  11:37  Zergling x4  
  112  11:38  Mutalisk x3  
  120  11:41  Overlord  
  120  11:42  Overlord x2  
  110  11:58  Mutalisk x8  
  120  12:15  Mutalisk  
  106  12:16  Mutalisk x6  
  102  12:26  Mutalisk  
  102  12:33  Drone x4  
  102  12:36  Extractor  
  105  12:37  Extractor  
  105  12:39  Spine Crawler  
  103  12:47  Zergling x8  
  107  12:54  Infestation Pit  
  106  13:04  Hatchery  
  105  13:11  Drone x3  
  108  13:14  Drone  
  108  13:15  Drone x2  
  108  13:16  Drone x3  
  108  13:17  Overlord x3  
  113  13:33  Baneling x5  
  113  13:34  Baneling x2  
  113  13:41  Zergling x8  
  117  13:51  Zergling x6  
  120  14:06  Zergling x2  
  120  14:07  Zergling x6  
  124  14:14  Zergling x10  
  124  14:22  Drone x2  
  124  14:23  Drone x2  
  128  14:33  Overlord  
  128  14:34  Overlord x2  
Show
View Real Time Build Order
Export as new Build Order

Nickos Terran 

Build Orders:  

Get SALT Encoding   

  12  0:00  SCV  
  13  0:13  SCV  
  14  0:18  Supply Depot  
  14  0:25  SCV  
  15  0:39  SCV  
  15  0:41  Barracks  
  16  0:51  SCV  
  17  1:03  SCV  
  18  1:15  SCV  
  19  1:21  Command Center  
  19  1:31  Orbital Command  
  19  1:34  Marine  
  20  1:45  Barracks  
  20  1:53  Marine  
  21  1:56  Supply Depot  
  21  1:58  SCV  
  21  2:12  Marine  
  22  2:22  Refinery, Barracks  
  22  2:24  Refinery  
  22  2:29  Marine  
  21  2:34  Marine  
  23  2:47  Marine  
  23  2:51  SCV  
  25  2:52  Marine  
  26  2:59  Bunker  
  26  3:00  Orbital Command  
  26  3:03  SCV  
  22  3:25  Marine  
  22  3:26  Orbital Command, Marine  
  23  3:33  Marine  
  24  3:43  Marine x2  
  24  3:45  Bunker  
  26  3:51  Marine  
  26  3:52  SCV  
  28  4:00  SCV  
  28  4:01  Marine x2  
  31  4:04  SCV  
  31  4:09  Marine  
  27  4:19  Marine x2  
  28  4:26  Marine  
  28  4:28  Bunker  
  28  4:37  Marine x2  
  26  4:44  Marine  
  23  4:53  SCV  
  23  4:54  Marine  
  23  4:55  Marine  
  24  5:02  Marine  
  24  5:05  SCV  
  26  5:12  Bunker, Marine  
  27  5:17  SCV  
  27  5:20  Marine x2  
  30  5:29  SCV  
  30  5:30  Marine  
  31  6:01  Supply Depot  
  31  6:13  Supply Depot  
  31  6:21  SCV, Marine x2  
  35  6:33  SCV  
  35  6:35  Marine  
  35  6:38  Supply Depot, Marine x2  
  37  6:47  SCV  
  37  6:53  Marine  
  39  6:56  Marine  
  40  7:02  Supply Depot  
  40  7:05  Marine  
  41  7:14  Command Center  
  41  7:23  Marine  
  41  7:24  Marine x2  
  44  7:50  Supply Depot  
  44  7:51  SCV  
  48  7:56  Barracks Reactor  
  48  7:57  Barracks Reactor  
  46  8:00  Barracks Tech Lab  
  45  8:14  Bunker  
  45  8:17  SCV  
  46  8:29  Stimpack  
  46  8:31  SCV  
  46  8:32  Orbital Command  
  47  8:35  Marine x3  
  47  8:36  Marine x2  
  52  8:41  Factory  
  52  8:43  SCV  
  53  8:53  Marine x2  
  53  8:54  Marauder  
  58  8:55  SCV  
  58  8:58  Marine x2  
  60  9:07  SCV  
  61  9:14  SCV  
  61  9:16  Marauder  
  63  9:19  SCV  
  63  9:20  Engineering Bay, Marine x2  
  63  9:21  Marine x2  
  68  9:26  SCV  
  63  9:32  SCV  
  63  9:36  Marine  
  63  9:38  Marine x3  
  64  9:39  Marine  
  64  9:43  Engineering Bay  
  68  9:49  Factory Reactor  
  68  9:54  Starport, Marine  
  68  9:56  SCV, Marine x3  
  68  9:57  SCV  
  74  10:02  Marine  
  75  10:09  Missile Turret, SCV  
  75  10:12  Marine  
  75  10:13  Missile Turret  
  77  10:18  Missile Turret  
  77  10:24  Missile Turret  
  77  10:26  Marine x2  
  79  10:29  Missile Turret  
  79  10:34  Missile Turret  
  79  10:37  Marine, Marauder  
  79  10:38  Marine  
  83  10:43  Medivac  
  83  10:46  Marine  
  86  10:52  Missile Turret  
  86  10:59  Marauder  
  86  11:04  Marine x3  
  89  11:09  Marine  
  92  11:19  Medivac  
  94  11:49  Marine x2  
  94  11:52  Marine x2  
  94  11:53  Marine  
  93  11:54  Medivac  
  81  12:07  Marine x2  
  59  12:09  Marine x2  
  59  12:10  Medivac  
  59  12:11  Marine  
  40  12:24  Medivac  
  40  12:25  Marine x2  
  40  12:27  Marine x2  
  40  12:29  Marine  
  40  13:04  Missile Turret  
  40  13:05  Missile Turret  
  40  13:06  Marine  
  41  13:17  SCV  
  41  13:18  SCV  
  43  13:24  Liberator x2  
  43  13:27  Missile Turret  
  43  13:29  SCV  
  43  13:30  SCV  
  45  13:35  Marine x4  
  49  13:42  SCV  
  49  13:44  Marauder  
  58  13:49  SCV  
  58  13:54  SCV  
  60  14:01  SCV  
  36  14:33  Marine x2  
  36  14:34  Marine x3  
  35  14:38  SCV x2  
Tags
 
Add a new tag
Caveats
  • Supply blocks, unpowered buildings, or Contaminate may cause inaccurate times.
  • Supply counts are checked every 10 seconds.